 Dungeon Crawl Stone Soup version 0.27.0-1-g7a089689b8 (webtiles) character file.

Game seed: 4609745811252459494

2 Malachi the Sneak (level 1, 0/15 HPs)
             Began as a Djinni Enchanter on Aug 17, 2021.
             Slain by a quokka (1 damage)
             ... on level 1 of the Dungeon.
             The game lasted 00:00:19 (69 turns).

Malachi the Sneak (Djinni Enchanter)                  Turns: 69, Time: 00:00:20

Health: 0/15       AC:  2    Str:  7    XL:     1   Next: 44%
Gold:   0          EV: 12    Int: 16    God:
                   SH:  0    Dex: 13

rFire    + + .     SeeInvis .   a - +1 dagger
rCold    x . .     Faith    .   (no shield)
rNeg     . . .     Spirit   .   b - +0 robe
rPois    ∞         Reflect  .   (no helmet)
rElec    .         Harm     .   (no cloak)
rCorr    .         Rampage  .   (no gloves)
Will     .....                  (boots unavailable)
Stlth    ++........             (no amulet)
HPRegen  0.05/turn              (no ring)
MPRegen  0.00/turn              (no ring)

@: flying
A: sickness immunity, fire resistance 2, cold vulnerability 1, float, innate
caster, hp casting, extra vitality 1
a: no special abilities


You were on level 1 of the Dungeon.
You visited 1 branch of the dungeon, and saw 1 of its levels.

Inventory:

Hand Weapons
 a - a +1 dagger (weapon)
Armour
 b - a +0 robe (worn)
Scrolls
 c - a scroll of identify {unknown}
 d - a scroll of teleportation {unknown}


   Skills:
 + Level 0.8 Short Blades
 + Level 2.1 Dodging
 + Level 2.6 Stealth
 + Level 2.4 Spellcasting


You couldn't memorise any spells.
You knew the following spells:

 Your Spells              Type           Power      Damage    Failure   Level
a - Corona                Hex            10%        N/A       8%          1
b - Ensorcelled Hibernat  Hex/Ice        18%        N/A       11%         2
c - Confusing Touch       Hex            9%         N/A       22%         3
d - Tukima's Dance        Hex            9%         N/A       22%         3
e - Dazzling Flash        Conj/Hex       18%        N/A       22%         3
Your spell library was empty.

Dungeon Overview and Level Annotations

Branches:
Dungeon (1/15)

Altars:


Innate Abilities, Weirdness & Mutations

You are immune to sickness and miasma.
You are immune to poison.
Your flesh is very heat resistant. (rF++)
You are vulnerable to cold. (rC-)
You float through the air rather than walking.
You learn spells naturally, not from books.
Your magical power is your life essence.
You have superior vitality. (+4 HP)


Message History

A quokka comes into view.
The kobold barely misses you.
You hit the kobold.
The kobold is severely wounded.
The kobold barely misses you. The quokka misses you.
You barely miss the kobold.
The kobold is severely wounded.
The kobold closely misses you. The quokka misses you.
You hit the kobold.
You kill the kobold!
The kobold hits you with a +0 dagger. The quokka bites you.
You barely miss the kobold. The kobold hits you but does no damage.
The quokka barely misses you.
You hit the kobold.
The kobold is heavily wounded.
The kobold barely misses you. The quokka barely misses you.
The kobold hits you with a +0 dagger. The quokka bites you.
Casting: Corona (safe; 8% risk of failure)
Confirm with . or Enter, or press ? or * to list all spells.
Aiming: Corona (safe; 8% risk of failure)
Press: ? - help, Shift-Dir - straight line, f - quokka
Aim: a quokka (chance to affect: 62%)
The quokka is outlined in light.
* * * LOW HITPOINT WARNING * * *
The quokka barely misses you.
You hit the quokka.
The quokka is lightly wounded.
The quokka closely misses you.
You hit the quokka.
The quokka is heavily wounded.
The quokka bites you.
* * * LOW HITPOINT WARNING * * *
You hit the quokka but do no damage.
The quokka is heavily wounded.
The quokka bites you but does no damage.
You hit the quokka.
The quokka is almost dead.
The quokka bites you.
You die...

⌠...##....##...##...#
......#...#.......#.#
............#...#..# ##
#....##..#..#...# .
#..)......##..# #
+.....##......##. ###
#....#......#..#.# ##..
#...#..r##..#...##.###.#.
.....#...#@..#..#..#.#...##
.....$......##..#..##.#.##.
⌠...#.#.#...#.....#.#..#..#
...#....#..#.#...##.##..##.
......$....#..)...##...#...
##########################


You could see a quokka (corona).

Vanquished Creatures
  A goblin (D:1)
  A kobold (D:1)
2 creatures vanquished.

Notes
Turn   | Place    | Note
-------+----------+-------------------------------------------
     0 | D:1      | Malachi the Djinni Enchanter began the quest for the Orb.
     0 | D:1      | Reached XP level 1. HP: 15/15 MP: 0/0
    69 | D:1      | Slain by a quokka

Illustrated notes

Levels and vault maps discovered:
D:1:      erik_arrival_cave_to_civilisation [erik_arrival_cave_to_hall],
          layout_basic, dreamdust_ecumenical_altar_statues

Action                   || total
-------------------------++-------
Melee: Dagger            ||    12
 Cast: Corona            ||     2
Armor: Robe              ||     3
Dodge: Dodged            ||    12
